 Dungeon Crawl Stone Soup version 0.28-a0-1374-ga75cb3825e (webtiles) character file.

Game seed: 9666082722649790405

39 blank1 the Firebug (level 3, -2/19 HPs)
             Began as a Deep Elf Fire Elementalist on Dec 31, 2021.
             Slain by Crazy Yiuf (21 damage)
             ... on level 3 of the Dungeon.
             The game lasted 00:05:28 (2036 turns).

blank1 the Firebug (Deep Elf Fire Elementalist)     Turns: 2036, Time: 00:05:28

Health: -2/19      AC:  2    Str:  5    XL:     3   Next: 26%
Magic:  2/10       EV: 13    Int: 21    God:
Gold:   137        SH:  0    Dex: 15    Spells: 3/9 levels left

rFire   . . .      SeeInvis .   m - staff of earth
rCold   . . .      Faith    .   (no shield)
rNeg    . . .      Spirit   .   a - +0 robe
rPois   .          Reflect  .   (no helmet)
rElec   .          Harm     .   (no cloak)
rCorr   +          Rampage  .   (no gloves)
Will    .....                   (no boots)
Stlth   ++........              (no amulet)
HPRegen 0.06/turn               i - ring of resist corrosion
MPRegen 0.12/turn               (no ring)

@: no status effects
A: no striking features
a: no special abilities


You were on level 3 of the Dungeon.
You visited 1 branch of the dungeon, and saw 3 of its levels.

You collected 137 gold pieces.

Inventory:

Hand Weapons
 c - a +1 flail of venom
Armour
 a - a +0 robe (worn)
Magical Staves
 m - a staff of earth (weapon)
Jewellery
 i - a ring of resist corrosion (left hand)
Scrolls
 b - a scroll of brand weapon {unknown}
 e - 2 scrolls of identify {unknown}
 f - a scroll of fog {unknown}
 h - 2 scrolls of vulnerability {unknown}
Potions
 d - a potion of might
 g - 2 potions of heal wounds {unknown}
 j - 2 potions of degeneration {unknown}
 k - 3 potions of curing {unknown}
 l - a potion of lignification {unknown}


   Skills:
 + Level 2.9 Dodging
 + Level 3.1 Stealth
 + Level 3.5 Spellcasting
 + Level 1.8 Conjurations
 + Level 3.6 Fire Magic


You had 3 spell levels left.
You knew the following spells:

 Your Spells              Type           Power      Damage    Failure   Level
a - Foxfire               Conj/Fire      60%        2x1d7     4%          1
b - Scorch                Fire           36%        2d6       4%          2
c - Conjure Flame         Conj/Fire      15%        6-21      12%         3

Your spell library contained the following spells:

 Spells                   Type           Power      Damage    Failure   Level
 Beastly Appendage        Tmut           6%         N/A       13%         1
 Wereblood                Tmut           3%         N/A       19%         2
 Inner Flame              Hex/Fire       11%        N/A       19%         3
 Spider Form              Tmut/Pois      3%         N/A       36%         3
 Flame Wave               Conj/Fire      15%        2d5       38%         4


Dungeon Overview and Level Annotations

Branches:
Dungeon (3/15)

Altars:
Yredelemnul

Annotations:
D:3 Crazy Yiuf


Message History

m - a staff of earth (weapon)
You now have 123 gold pieces (gained 12).
j - 2 ruby potions (gained 1)
You now have 137 gold pieces (gained 14).
Found a stone staircase leading down.
This spell is extremely dangerous to cast!
Memorise Conjure Flame, consuming 3 spell levels and leaving 3?
You start memorising the spell.
You continue memorising. x3
You finish memorising.
Spell assigned to 'c'.
Unknown command.
Found a mace.
Found a runed translucent door.
You open the door.
Crazy Yiuf shouts!
Casting: Scorch (safe; 4% risk of failure)
Confirm with . or Enter, or press ? or * to list all spells.
The spell is extremely dangerous to miscast (12% risk of failure)!
Continue anyway?
The fire begins to smoulder!
You smother the flame.
Casting: Conjure Flame (extremely dangerous; 12% risk of failure)
Confirm with . or Enter, or press ? or * to list all spells.
You conjure some foxfire!
Crazy Yiuf drinks a potion.
Crazy Yiuf seems to grow stronger.
Casting: Foxfire (safe; 4% risk of failure)
Confirm with . or Enter, or press ? or * to list all spells.
Flames lash Crazy Yiuf.
Crazy Yiuf is moderately wounded.
Crazy Yiuf's fire resistance burns away.
Crazy Yiuf completely misses you.
Casting: Scorch (safe; 4% risk of failure)
Confirm with . or Enter, or press ? or * to list all spells.
Flames lash Crazy Yiuf but do no damage.
Crazy Yiuf hits you with a +4 quarterstaff of chaos!!
Ouch! That really hurt!
You die...

........## #.# #.#.#.#
.........###.#######.#.#.##
...................>.#.#..#
........#################.##
........# #..# ........##
##.# .........# ### #####.#
........## #)..### ##.#...#
........# #...g@####......#
........# #...##v.#......##
........## ### ###.#..#.##
.........# ########
........## ........#
####.##.# # #.##.# #....#


You could see Crazy Yiuf (strong, combustible, ally target).

Vanquished Creatures
  An adder (D:2)
  A dart slug (D:1)
  4 endoplasms
  3 giant cockroaches
  4 goblins
  2 hobgoblins (D:1)
  A kobold (D:2)
  A quokka (D:1)
  2 bats (D:1)
  5 frilled lizards (D:1)
  2 rats (D:2)
26 creatures vanquished.

Vanquished Creatures (others)
  54 foxfires
54 creatures vanquished.

Grand Total: 80 creatures vanquished

Notes
Turn   | Place    | Note
-------+----------+-------------------------------------------
     0 | D:1      | blank1 the Deep Elf Fire Elementalist began the quest for
                  | the Orb.
     0 | D:1      | Reached XP level 1. HP: 10/10 MP: 6/6
   286 | D:1      | Reached XP level 2. HP: 15/15 MP: 5/8
   505 | D:1      | Found a faded altar of an unknown god.
   755 | D:1      | Learned a level 2 spell: Scorch
  1241 | D:2      | Reached XP level 3. HP: 18/19 MP: 5/9
  1610 | D:2      | Found a basalt altar of Yredelemnul.
  1992 | D:3      | Learned a level 3 spell: Conjure Flame
  2027 | D:3      | Found a runed translucent door.
  2028 | D:3      | Noticed Crazy Yiuf
  2036 | D:3      | Slain by Crazy Yiuf

Illustrated notes

Levels and vault maps discovered:
D:1:      noname_arrival_rooms_in_the_neighbourhood, layout_basic,
          basic_ecumenical_altar, wander_ebering_terrifying_dragon_lair
D:2:      layout_basic, basic_altar, roderic_cross_of_infinity,
          minmay_statues_item
D:3:      layout_basic, serial_shops, shop, kennysheep_doodads,
          wad_floor_pattern_1, minmay_fountain_box, uniq_crazy_yiuf_cottage

Skill      XL: |  1  2 |
---------------+-------+-----
Stealth        | 3 |  3.1
Dodging        | |  2.9
Spellcasting   | |  3.5
Conjurations   | |  1.8
Fire Magic     | |  3.6

Action                   || total
-------------------------++-------
Melee: Flail             ||     3
 Cast: Foxfire           ||    32
       Scorch            ||     8
       Conjure Flame     ||     1
 Stab: Sleeping          ||     1
Armor: Robe              ||     1
Dodge: Dodged            ||     5

Table legend: (Time is in decaauts)
 A = Elapsed time spent in this place.
 B = Non-inter-level travel time spent in this place.
 C = Inter-level travel time spent in this place.
 D = Time resting spent in this place.
 E = Time spent auto-exploring this place.
 F = Levels seen in this place.
 G = Mean time per level.
                   A        B        C        D        E       F      G
               +--------+--------+--------+--------+--------+-----+--------+
         Total |   2035 |   1922 |    113 |      0 |   1710 |   3 |  678.3 |
       Dungeon |   2035 |   1922 |    113 |      0 |   1710 |   3 |  678.3 |
               +--------+--------+--------+--------+--------+-----+--------+

Top non-repeatable levels by time:
     D:1: 1005 daAuts
     D:2: 903 daAuts
     D:3: 126 daAuts
